 Dungeon Crawl Stone Soup version 0.19-a0-1216-g363869b (webtiles) character file.

761 4thArraOfDagon the Firebug (level 7, -2/36 HPs)
             Began as a Deep Elf Fire Elementalist on Aug 23, 2016.
             Was a Believer of Sif Muna.
             Slain by a centaur (5 damage)
             ... on level 6 of the Dungeon.
             The game lasted 00:09:15 (1627 turns).

4thArraOfDagon the Firebug (DEFE)                   Turns: 1627, Time: 00:09:16

Health: -2/36      AC:  3    Str:  5    XL:     7   Next: 51%
Magic:  17/17      EV: 13    Int: 22    God:    Sif Muna [**....]
Gold:   163        SH:  0    Dex: 15    Spells: 4 memorised, 3 levels left

rFire  . . .     SeeInvis .     t - +1 rapier (holy)
rCold  . . .     Gourm    .     l - +0 robe (curse)
rNeg   . . .     Faith    .     (no shield)
rPois  .         Spirit   .     (no helmet)
rElec  .         Dismiss  .     w - +0 cloak
rCorr  .         Reflect  .     (no gloves)
MR     .....     Harm     .     (no boots)
Stlth  ++........               (no amulet)
                                (no ring)
                                B - ring of wizardry

@: divine energy
A: no striking features
a: Stop Divine Energy, Renounce Religion


You were on level 6 of the Dungeon.
You worshipped Sif Muna.
Sif Muna was pleased with you.
You were not hungry.

You visited 1 branch of the dungeon, and saw 6 of its levels.

You collected 163 gold pieces.

Inventory:

Hand Weapons
 f - a +0 dagger
 g - a +0 blowgun
 m - a +0 club
 t - a +1 rapier of holy wrath (weapon)
Missiles
 k - 8 javelins (quivered)
 p - a throwing net
 r - 5 poisoned needles
Armour
 a - a +0 robe
 l - a cursed +0 robe (worn)
 w - a +0 cloak (worn)
Jewellery
 B - a ring of wizardry (left hand)
Scrolls
 e - 3 scrolls of teleportation {unknown}
 h - 4 scrolls of identify {unknown}
 i - a scroll of noise {unknown}
 n - a scroll of magic mapping {unknown}
 o - 4 scrolls of blinking {unknown}
 v - a scroll of amnesia {unknown}
 x - a scroll of remove curse {unknown}
 y - a scroll of immolation {unknown}
Potions
 q - a potion of flight
Books
 b - a book of Flames

   Spells                             Type                      Level
   a - Flame Tongue                   Conjuration/Fire             1
   b - Throw Flame                    Conjuration/Fire             2
   c - Conjure Flame                  Conjuration/Fire             3
   d - Inner Flame                    Hexes/Fire                   3
   e - Sticky Flame                   Conjuration/Fire             4
   f - Fireball                       Conjuration/Fire             5
Comestibles
 c - 2 bread rations
 d - 2 fruits
 j - 2 meat rations
 s - a royal jelly
 z - a chunk of flesh


   Skills:
 - Level 2.4 Dodging
 - Level 2.4 Stealth
 + Level 5.4 Spellcasting
 * Level 5.6 Conjurations
 * Level 6.5 Fire Magic
 + Level 2.1 Invocations


You had 3 spell levels left.
You knew the following spells:

 Your Spells              Type           Power        Failure   Level  Hunger
a - Flame Tongue          Conj/Fire      ####.        1%          1    None
b - Conjure Flame         Conj/Fire      ####....     1%          3    ##.....
c - Sticky Flame          Conj/Fire      ####....     4%          4    ####...
d - Fireball              Conj/Fire      ####......   12%         5    #####..


Dungeon Overview and Level Annotations

Branches:
Dungeon (6/15)
 Temple: D:4-7

Altars:
Cheibriados
Dithmenos
Sif Muna
Yredelemnul
Zin
The Shining One

Annotations:
D:6 4thArraOfDagon's ghost, novice DEFE


Message History

Unknown command.
It was a potion of flight.
You feel very buoyant.
You fly up into the air.
Unknown command.
The centaur unwields an uncursed shortbow.
The centaur hits you.
* * * LOW HITPOINT WARNING * * *
Unknown command.
Unknown command.
It was a potion of brilliance.
You feel clever all of a sudden. The centaur closely misses you.
The centaur completely misses you.
Unknown command.
It was a potion of cancellation.
Your magical effects are unravelling.
You feel magically purged.
You float gracefully downwards.
You feel a little less clever now. The centaur hits you.
You die...

#.# #.# #.# #.#### #.#
#...<###### ##.#
##........# .[.##
#...####.# ##..# #####
#.# ##.## #.#
##...############.#####.#
#.....##......<.@.(....#
.......#.###.####c#####.#
..._.....##.#.###.#
.......###.#.......
#.....##..........##
##...###.###......# # ##
##.## #.# .c##.># .
#.##.## #)####.# ..##....
...##.#...## #......#
#..##..#. ...c.......$


You could see a centaur.

Vanquished Creatures
  An orc warrior (D:6)
  A phantom (D:4)
  A sky beast (D:6)
  An ice beast (D:5)
  An ogre (D:6)
  A scorpion (D:5)
  A hound (D:4)
  An orc priest (D:6)
  An orc wizard (D:6)
  An iguana (D:5)
  2 worker ants (D:5)
  3 adders
  A shadow imp (D:5)
  A dart slug (D:3)
  3 giant geckos
  9 orcs
  A giant cockroach (D:2)
  4 goblins
  3 hobgoblins
  13 jackals
  2 kobolds (D:3)
  A ball python (D:6)
  5 bats
  A giant newt (D:3)
  4 rats
63 creatures vanquished.

Notes
Turn   | Place    | Note
-------+----------+-------------------------------------------
     0 | D:1      | 4thArraOfDagon the Deep Elf Fire Elementalist began the quest for the Orb.
     0 | D:1      | Reached XP level 1. HP: 10/10 MP: 6/6
   160 | D:2      | Reached XP level 2. HP: 15/15 MP: 4/8
   165 | D:2      | Found a deep blue altar of Sif Muna.
   174 | D:2      | Became a worshipper of Sif Muna the Loreminder
   327 | D:3      | Reached XP level 3. HP: 16/19 MP: 3/9
   332 | D:3      | Learned a level 3 spell: Conjure Flame
   530 | D:3      | Found a shadowy altar of Dithmenos.
   650 | D:4      | Reached skill level 4 in Fire Magic
   650 | D:4      | Reached XP level 4. HP: 4/24 MP: 8/11
   675 | D:3      | Found a snail-covered altar of Cheibriados.
   700 | D:4      | Learned a level 4 spell: Sticky Flame
   770 | D:4      | Noticed a phantom
   814 | D:4      | Killed a phantom
   814 | D:4      | Reached XP level 5. HP: 11/28 MP: 4/13
   963 | D:5      | Entered Level 5 of the Dungeon
   966 | D:5      | Reached * piety under Sif Muna
   972 | D:5      | Reached skill level 5 in Fire Magic
   985 | D:5      | Reached XP level 6. HP: 21/32 MP: 1/14
  1074 | D:5      | Found a glowing golden altar of the Shining One.
  1086 | D:5      | Noticed an ice beast
  1149 | D:5      | Killed an ice beast
  1279 | D:5      | Learned a level 5 spell: Fireball
  1337 | D:6      | Found a basalt altar of Yredelemnul.
  1342 | D:6      | Reached skill level 5 in Spellcasting
  1342 | D:6      | Reached skill level 5 in Conjurations
  1342 | D:6      | Reached skill level 1 in Invocations
  1411 | D:6      | Reached skill level 6 in Fire Magic
  1411 | D:6      | Reached XP level 7. HP: 25/36 MP: 13/16
  1444 | D:6      | Reached ** piety under Sif Muna
  1508 | D:6      | Found a glowing silver altar of Zin.
  1508 | D:6      | Noticed an angel
  1554 | D:6      | Noticed 4thArraOfDagon's ghost (novice DEFE)
  1627 | D:6      | Slain by a centaur

Vault maps used:
D:1:      dpeg_arrival_orchard, minmay_misc_feat_enclosed, roderic_lattice_a
D:2:      overflow_temple_1_default
D:3:      nicolae_overflow_hidden_temple, minitemple, first_bread,
          lemuel_statue_altar
D:5:      basic_altar
D:6:      zin_angel, lemuel_round_altar

Skill      XL: |  1  2  3  4  5  6  7 |
---------------+----------------------+-----
Conjurations   | 2 3 4 5 |  5.6
Fire Magic     | 4 5 6 |  6.5
Spellcasting   | 4 5 |  5.4
Invocations    | 1 2 |  2.1
Dodging        | |  2.4
Stealth        | |  2.4

Action                   |  1- 3 |  4- 6 |  7- 9 || total
-------------------------+-------+-------+-------++-------
Melee: Dagger            |    18 |       |       ||    18
       Rapier            |       |    28 |    20 ||    48
Throw: Javelin           |     8 |     2 |       ||    10
 Cast: Flame Tongue      |    38 |    32 |     8 ||    78
       Conjure Flame     |     1 |     1 |       ||     2
       Sticky Flame      |       |     9 |     4 ||    13
Invok: Divine Energy     |       |     1 |       ||     1
  Use: Potion            |     3 |     1 |     3 ||     7
 Stab: Sleeping          |       |     1 |       ||     1
  Eat: Chunk             |       |     3 |     2 ||     5
Armor: Robe              |     4 |     2 |     6 ||    12
Dodge: Dodged            |    18 |    36 |    20 ||    74
